Map: Ulrena

Players

Jardozer

  • Race: Zerg Zerg

Chris (MCanning) - Winner!

  • Race: Protoss Protoss
  • League: Diamond

VOD

Have the link to the VOD?

Description

Time

  • Played on: Nov. 12, 2015, 11:03 p.m.
  • Length: 12:12
Show
View Real Time Build Order
Export as new Build Order

Jardozer Zerg 

Build Orders: 3 Hatch before Pool 

Get SALT Encoding   

  12  0:01  Drone  
  13  0:13  Overlord  
  13  0:19  Drone  
  14  0:26  Extractor  
  14  0:27  Drone  
  15  0:32  Drone  
  16  0:36  Drone  
  17  0:49  Drone  
  18  1:05  Hatchery  
  18  1:07  Drone  
  18  1:23  Hatchery  
  17  1:33  Spawning Pool  
  17  1:36  Drone  
  17  1:44  Drone  
  17  1:45  Drone  
  19  1:49  Extractor  
  19  1:52  Overlord  
  18  2:03  Drone  
  19  2:22  Queen  
  19  2:23  Queen  
  19  2:24  Zergling x4  
  19  2:26  Zergling x2  
  26  2:35  Queen  
  28  2:39  Drone  
  29  2:48  Drone  
  29  2:49  Metabolic Boost  
  30  2:54  Drone  
  30  2:56  Drone  
  32  3:04  Drone x2  
  34  3:09  Drone  
  34  3:10  Drone  
  36  3:18  Drone  
  36  3:19  Drone x2  
  39  3:23  Overlord  
  39  3:32  Drone x3  
  42  3:35  Overlord  
  42  3:46  Roach Warren  
  42  3:47  Overlord  
  41  3:54  Drone x4  
  41  3:55  Drone  
  46  3:58  Drone x2  
  48  4:04  Lair  
  48  4:11  Zergling x2  
  48  4:12  Zergling x6  
  49  4:25  Extractor  
  49  4:26  Extractor  
  49  4:27  Drone x3  
  49  4:28  Drone x3, Extractor  
  49  4:29  Drone  
  49  4:30  Drone x3  
  56  4:36  Drone  
  56  4:37  Overlord x2  
  57  4:41  Overlord  
  57  4:47  Evolution Chamber  
  56  5:02  Glial Reconstitution  
  56  5:07  Drone x3  
  59  5:16  Roach x4  
  59  5:17  Roach x6  
  59  5:20  Zerg Missile Weapons Level 1  
  79  5:24  Spore Crawler  
  79  5:25  Spore Crawler  
  79  5:27  Spore Crawler  
  76  5:29  Drone  
  76  5:31  Drone  
  78  5:36  Overlord  
  78  5:48  Drone x3  
  78  5:49  Drone  
  82  5:52  Overlord  
  82  5:56  Drone x3  
  82  5:57  Drone x5  
  86  6:00  Overlord  
  86  6:03  Overlord  
  90  6:11  Hydralisk Den  
  90  6:12  Ravager x7  
  96  6:19  Drone  
  96  6:20  Drone x4  
  96  6:22  Extractor  
  96  6:24  Extractor  
  96  6:25  Drone x3  
  102  6:26  Overlord  
  98  6:53  Roach x4  
  98  6:54  Roach x4  
  98  7:02  Roach x6  
  98  7:03  Roach  
  109  7:17  Overlord  
  109  7:18  Drone x2  
  109  7:21  Ravager  
  109  7:22  Ravager x3  
  115  7:23  Ravager x2  
  115  7:24  Zergling x8  
  115  7:25  Hatchery  
  120  7:32  Overlord  
  120  7:35  Overlord  
  120  7:37  Overlord  
  120  7:40  Roach x3  
  120  7:41  Roach  
  122  8:10  Roach  
  122  8:11  Roach x7  
  122  8:12  Roach x3  
  140  8:15  Overlord  
  140  8:19  Spire  
  139  8:24  Overlord  
  139  8:27  Drone x2  
  139  8:28  Overlord, Extractor  
  139  8:30  Zerg Missile Weapons Level 2  
  139  8:33  Extractor  
  139  8:36  Ravager  
  139  8:38  Ravager x2  
  139  8:39  Ravager  
  139  8:41  Drone x3  
  146  8:42  Drone x3  
  146  8:44  Overlord  
  146  8:45  Zergling x4  
  146  8:46  Zergling x4  
  150  9:01  Roach x7  
  150  9:02  Roach x3  
  153  9:07  Ravager x5  
  158  9:10  Drone  
  158  9:11  Zergling x6  
  162  9:22  Zergling x12  
  140  9:42  Roach x8  
  140  9:43  Roach  
  157  9:51  Roach x4  
  157  9:52  Roach  
  163  10:05  Mutalisk x5  
  140  10:13  Mutalisk x4  
  124  10:21  Mutalisk  
  124  10:22  Mutalisk  
  124  10:26  Ravager  
  124  10:27  Ravager x3  
  124  10:28  Zergling x4  
  134  10:29  Queen x2  
  115  10:44  Mutalisk x4  
  115  10:48  Zergling x2  
  115  10:49  Zergling x14  
  130  10:50  Zergling x2  
  130  10:55  Zergling x8  
  130  10:56  Zergling x2  
  131  10:59  Overlord  
  126  11:11  Overlord x4  
  98  11:22  Mutalisk  
  98  11:23  Mutalisk  
  85  11:27  Mutalisk x3  
  85  11:29  Mutalisk x2  
  85  11:32  Mutalisk  
  81  11:36  Mutalisk  
  80  11:42  Zergling x2  
  72  12:00  Drone  
Show
View Real Time Build Order
Export as new Build Order

Chris Protoss - Winner!

Build Orders: 1 Gate Expand 

Get SALT Encoding   

  12  0:01  Probe (Chrono Boost)  
  13  0:11  Probe (Chrono Boost)  
  14  0:21  Pylon  
  14  0:22  Probe (Chrono Boost)  
  15  0:39  Probe (Chrono Boost)  
  15  0:42  Gateway  
  17  0:50  Probe (Chrono Boost)  
  17  0:57  Assimilator  
  17  1:00  Probe (Chrono Boost)  
  18  1:11  Probe (Chrono Boost)  
  19  1:23  Nexus  
  19  1:28  Probe (Chrono Boost)  
  20  1:37  Cybernetics Core  
  20  1:41  Probe (Chrono Boost)  
  21  1:47  Pylon  
  21  1:51  Probe (Chrono Boost)  
  22  2:00  Assimilator  
  22  2:02  Probe (Chrono Boost)  
  23  2:14  Mothership Core (Chrono Boost)  
  25  2:21  Pylon  
  25  2:23  Adept  
  27  2:32  Probe (Chrono Boost)  
  27  2:33  Warp Gate  
  27  2:37  Probe (Chrono Boost)  
  29  2:42  Probe (Chrono Boost)  
  30  2:47  Probe (Chrono Boost)  
  30  2:53  Probe (Chrono Boost), Gateway  
  30  2:58  Probe (Chrono Boost)  
  32  3:00  Stalker  
  32  3:04  Probe (Chrono Boost)  
  35  3:08  Probe (Chrono Boost)  
  36  3:13  Pylon  
  36  3:15  Probe (Chrono Boost)  
  37  3:22  Probe (Chrono Boost)  
  37  3:25  Probe (Chrono Boost)  
  39  3:30  Sentry, Gateway  
  41  3:35  Probe (Chrono Boost)  
  41  3:36  Probe (Chrono Boost)  
  41  3:40  Sentry  
  45  3:45  Probe (Chrono Boost)  
  45  3:46  Probe (Chrono Boost)  
  47  3:51  Gateway  
  47  3:56  Probe (Chrono Boost)  
  47  3:57  Probe (Chrono Boost)  
  47  4:00  Robotics Facility  
  49  4:06  Probe (Chrono Boost)  
  49  4:08  Probe (Chrono Boost), Pylon  
  52  4:17  Probe (Chrono Boost)  
  52  4:18  Probe (Chrono Boost)  
  53  4:27  Probe (Chrono Boost)  
  53  4:29  Probe (Chrono Boost)  
  55  4:35  Nexus  
  55  4:38  Probe (Chrono Boost)  
  56  4:39  Probe (Chrono Boost), Pylon  
  56  4:41  Pylon  
  56  4:43  Sentry x2  
  61  4:47  Observer (Chrono Boost), Assimilator  
  61  4:49  Assimilator  
  61  4:50  Pylon  
  62  4:54  Probe x2, Forge  
  64  5:05  Probe  
  64  5:06  Probe  
  66  5:09  Pylon  
  66  5:14  Observer (Chrono Boost)  
  67  5:15  Probe  
  67  5:19  Probe  
  69  5:26  Probe, Twilight Council  
  69  5:27  Adept  
  69  5:28  Adept x3  
  78  5:31  Probe  
  78  5:33  Gateway  
  79  5:36  Gateway, Probe  
  79  5:38  Pylon  
  80  5:44  Robotics Bay  
  80  5:53  Immortal (Chrono Boost), Probe  
  80  5:54  Probe x2, Protoss Ground Weapons Level 1  
  87  6:03  Pylon  
  87  6:10  Blink (Chrono Boost)  
  87  6:12  Probe x2  
  87  6:13  Probe  
  87  6:14  Assimilator  
  87  6:16  Assimilator  
  90  6:23  Probe  
  90  6:24  Probe  
  92  6:25  Probe  
  92  6:32  Gateway  
  93  6:34  Gateway  
  93  6:38  Pylon  
  93  6:42  Adept x2  
  93  6:43  Adept x2  
  99  6:50  Adept x2  
  99  6:52  Probe  
  89  6:54  Disruptor (Chrono Boost)  
  89  6:55  Probe  
  89  7:00  Probe  
  83  7:04  Probe  
  83  7:06  Pylon  
  83  7:08  Adept x4  
  91  7:09  Pylon  
  91  7:13  Gateway  
  91  7:14  Gateway  
  93  7:16  Probe x2  
  93  7:21  Probe  
  93  7:22  Disruptor  
  96  7:26  Photon Cannon  
  96  7:28  Stalker x2  
  103  7:32  Probe  
  104  7:39  Protoss Ground Weapons Level 2  
  104  7:40  Stalker x3  
  104  7:41  Stalker  
  112  7:44  Probe  
  112  7:48  Probe  
  114  7:55  Pylon  
  114  7:56  Disruptor (Chrono Boost), Pylon  
  117  8:04  Stalker  
  119  8:12  Nexus  
  117  8:17  Pylon  
  117  8:19  Pylon  
  117  8:22  Pylon  
  117  8:26  Dark Shrine  
  117  8:30  Probe  
  118  8:48  Probe  
  119  8:49  Stalker x4  
  119  8:53  Probe  
  119  8:54  Disruptor (Chrono Boost)  
  131  9:00  Probe  
  132  9:03  Stalker x3  
  132  9:04  Stalker  
  140  9:10  Probe  
  140  9:12  Pylon  
  141  9:18  Probe  
  141  9:22  Stalker x3, Probe  
  149  9:27  Pylon  
  149  9:28  Disruptor (Chrono Boost)  
  138  9:41  Adept x5  
  139  9:52  Zealot x3  
  143  9:59  Disruptor (Chrono Boost)  
  138  10:07  Probe  
  132  10:27  Nexus, Pylon  
  132  10:28  Dark Templar x3  
  134  10:30  Disruptor (Chrono Boost), Pylon  
  137  10:44  Stalker x2  
  137  10:45  Stalker x4  
  146  11:01  Disruptor (Chrono Boost)  
  149  11:08  Probe  
  149  11:10  Stalker x4  
  149  11:11  Stalker x3  
  160  11:19  Probe  
  160  11:20  Probe  
  154  11:31  Probe, Archon  
  154  11:32  Disruptor (Chrono Boost)  
  147  11:34  Stalker x3  
  147  11:35  Stalker x3  
  147  11:38  Probe  
  154  11:45  Probe  
  155  11:50  Probe  
  155  11:53  Photon Cannon  
  156  11:57  Probe x2  
  156  11:58  Photon Cannon  
Tags
 
Add a new tag
Caveats
  • Supply blocks, unpowered buildings, or Contaminate may cause inaccurate times.
  • Supply counts are checked every 10 seconds.